 Dungeon Crawl Stone Soup version 0.23.0 (webtiles) character file.

Game seed: 3529150827233988303

372 Azzok the Insei (level 6, -3/43 HPs)
             Began as a Barachi Transmuter on Feb 11, 2019.
             Slain by an ice beast (6 damage)
             ... on level 5 of the Dungeon.
             The game lasted 00:05:28 (4663 turns).

Azzok the Insei (Barachi Transmuter)                Turns: 4663, Time: 00:05:29

Health: -3/43      AC:  4    Str: 12    XL:     6   Next: 71%
Magic:  7/9        EV: 13    Int: 24    God:
Gold:   226        SH:  0    Dex: 12    Spells: 2/10 levels left

rFire    . . .     SeeInvis .     - Unarmed
rCold    . . .     Gourm    .   (no shield)
rNeg     . . .     Faith    .   b - +0 robe
rPois    .         Spirit   .   k - +2 hat
rElec    .         Reflect  .   (no cloak)
rCorr    .         Harm     .   (no gloves)
MR       .....                  (no boots)
Stlth    +.........             (no amulet)
HPRegen  0.14/turn              s - +4 ring of intelligence
MPRegen  0.11/turn              l - +5 ring of intelligence

@: slow
A: +LOS, swims, slowness 1, strong legs 1
a: Hop


You were on level 5 of the Dungeon.
You were hungry.

You visited 1 branch of the dungeon, and saw 5 of its levels.

You collected 226 gold pieces.

Inventory:

Missiles
 a - 12 arrows
Armour
 b - a +0 robe (worn)
 k - a +2 hat (worn)
Jewellery
 e - a cursed -3 ring of evasion {unknown}
 l - a +5 ring of intelligence (right hand)
 s - a +4 ring of intelligence (left hand)
Wands
 q - a wand of random effects (16)
 v - a wand of polymorph (8)
Scrolls
 c - a scroll of enchant armour {unknown}
 g - 3 scrolls of amnesia {unknown}
 h - a scroll of magic mapping {unknown}
 i - 2 scrolls of remove curse {unknown}
 j - 7 scrolls of identify {unknown}
 m - a scroll of blinking {unknown}
 o - a scroll of fear {unknown}
Potions
 f - 2 potions of agility {unknown}
 n - a potion of resistance
 p - 2 potions of heal wounds {unknown}
 r - 2 potions of curing {unknown}
 u - a potion of might {unknown}
Comestibles
 d - 6 rations


   Skills:
 - Level 1.2 Fighting
 + Level 2.6 Dodging
 + Level 5.9 Unarmed Combat
 + Level 2.5 Spellcasting
 + Level 5.3 Transmutations


You had 2 spell levels left.
You knew the following spells:

 Your Spells              Type           Power        Failure   Level  Hunger
a - Spider Form           Tmut/Pois      ###.......   12%         3    ###....
b - Ice Form              Ice/Tmut       ###.....     36%         4    ####...
c - Beastly Appendage     Tmut           ####..       1%          1    None

Your spell library contained the following spells:

 Spells                   Type           Power        Failure   Level  Hunger
 Sticks to Snakes         Tmut           ####....     1%          2    ##.....
 Confusing Touch          Hex            #.....       12%         1    None
 Confuse                  Hex            #.......     34%         3    ###....
 Gell's Gravitas          Tloc           #.........   34%         3    ###....
 Blade Hands              Tmut           ####......   34%         5    ######.
 Petrify                  Tmut/Erth      ###.....     36%         4    ####...
 Yara's Violent Unravell  Hex/Tmut       ###.......   71%         5    ######.
 Metabolic Englaciation   Hex/Ice        #.........   97%         5    ######.


Dungeon Overview and Level Annotations

Branches:
Dungeon (5/15)
 Temple: D:4-7

Altars:


Innate Abilities, Weirdness & Mutations

Shadows flee at your approach. (+LOS)
You can swim through water.
You cover ground slowly.
You can hop short distances.


Message History

The ice beast misses you.
You hit the ice beast.
The ice beast is poisoned.
The ice beast is lightly wounded.
The ice beast completely misses you.
You hit the ice beast.
The ice beast is moderately wounded.
You hear the slow hiss of an avalanche of sand.
The ice beast hits you. The ice beast freezes you!
* * * LOW HITPOINT WARNING * * *
You hit the ice beast.
The ice beast is moderately wounded.
The ice beast closely misses you.
You hit the ice beast.
The ice beast is heavily wounded.
Your transformation has ended.
Your +2 hat unmelds from your body.
Your +0 robe unmelds from your body.
The ice beast hits you.
* * * LOW HITPOINT WARNING * * *
The ice beast freezes you.
You die...

▒·····▒ · ▒····· ▒▒
·▒···▒· ▒▒·▒▒ ·····▒▒····
▒······· ▒▒······ ▒▒
▒·····▒▒▒▒▒▒▒··▒ ▒▒
▒··)▒▒·▒▒·▒▒·▒▒··▒
▒Y@·······▒▒·······
▒··········(······▒ ▒·
······▒▒▒▒▒╬▒▒▒▒▒···▒▒▒▒··
▒▒··▒ ▒▒·········· ▒··
▒▒··········· ·
▒▒···▒········
▒···········▒▒
▒·······▒▒·····
···▒▒····▒·····▒


You could see an ice beast.

Vanquished Creatures
  An ogre (D:4)
  A centaur (D:5)
  An orc wizard (D:4)
  A worker ant (D:4)
  A gnoll (D:1)
  6 adders
  2 worms (D:2)
  2 dart slugs (D:2)
  3 leopard geckos
  4 orcs (D:4)
  2 ball pythons
  3 bats
  3 giant cockroaches
  14 hobgoblins
  7 jackals (D:2)
  5 kobolds
  3 quokkas (D:4)
  5 frilled lizards
  4 goblins
  A jackal skeleton (D:4)
  2 leopard gecko skeletons
  6 rats
77 creatures vanquished.

Notes
Turn   | Place    | Note
-------+----------+-------------------------------------------
     0 | D:1      | Azzok the Barachi Transmuter began the quest for the Orb.
     0 | D:1      | Reached XP level 1. HP: 15/15 MP: 3/3
   249 | D:1      | Reached XP level 2. HP: 19/21 MP: 0/5
   567 | D:1      | Reached XP level 3. HP: 9/26 MP: 6/6
   920 | D:1      | Learned a level 3 spell: Spider Form
  2293 | D:2      | Reached XP level 4. HP: 32/32 MP: 7/7
  3011 | D:3      | Reached XP level 5. HP: 37/37 MP: 4/8
  3061 | D:3      | Found a faded altar of an unknown god.
  3385 | D:3      | Reached skill level 5 in Unarmed Combat
  4052 | D:4      | Noticed an ogre
  4062 | D:4      | Killed an ogre
  4062 | D:4      | Reached skill level 5 in Transmutations
  4062 | D:4      | Reached XP level 6. HP: 43/43 MP: 5/9
  4068 | D:4      | Learned a level 4 spell: Ice Form
  4568 | D:5      | Entered Level 5 of the Dungeon
  4648 | D:5      | Noticed an ice beast
  4663 | D:5      | Slain by an ice beast

Skill      XL: |  1  2  3  4  5 |
---------------+----------------+-----
Transmutations | 3 4 5 |  5.3
Unarmed Combat | 4 5 |  5.9
Fighting       | |  1.2
Dodging        | |  2.6
Spellcasting   | |  2.5

Action                   |  1- 3 |  4- 6 || total
-------------------------+-------+-------++-------
Melee: Unarmed           |   123 |   125 ||   248
       Kick              |     5 |       ||     5
       Headbutt          |     1 |       ||     1
       Punch             |     2 |       ||     2
 Cast: Beastly Appendage |     6 |       ||     6
       Spider Form       |     2 |    19 ||    21
 Stab: Sleeping          |     1 |     1 ||     2
  Eat: Ration            |     2 |       ||     2
       Chunk             |       |     9 ||     9
Armor: Robe              |    13 |     3 ||    16
       Skin              |       |     6 ||     6
Dodge: Dodged            |    69 |   100 ||   169
